 Seeded DCSS version 0.27.1-2-g3b301248ec (webtiles) character file.

Game seed: 14551798346683263451 (custom seed)

30 babuloseo the Ducker (level 3, 27/27 HPs)
             Began as a Human Gladiator on Oct 2, 2021.
             Quit the game on level 2 of the Dungeon.
             The game lasted 00:00:49 (599 turns).

babuloseo the Ducker (Human Gladiator)               Turns: 599, Time: 00:00:50

Health: 27/27      AC:  6    Str: 15    XL:     3   Next: 37%
Magic:  3/3        EV: 12    Int:  8    God:
Gold:   46         SH:  0    Dex: 14    Spells: 2/2 levels left

rFire    . . .     SeeInvis .   a - +0 trident
rCold    . . .     Faith    .   (no shield)
rNeg     . . .     Spirit   .   f - +0 ring mail
rPois    .         Reflect  .   c - +0 helmet
rElec    .         Harm     .   (no cloak)
rCorr    .         Rampage  .   (no gloves)
Will     .....                  (no boots)
Stlth    +.........             (no amulet)
HPRegen  0.09/turn              (no ring)
MPRegen  0.08/turn              (no ring)

@: no status effects
A: no striking features
a: no special abilities


You were on level 2 of the Dungeon.
You visited 1 branch of the dungeon, and saw 2 of its levels.

You collected 46 gold pieces.

Inventory:

Hand Weapons
 a - a +0 trident (weapon)
Missiles
 d - 3 throwing nets (quivered)
 e - 8 javelins
Armour
 b - a +0 leather armour
 c - a +0 helmet (worn)
 f - a +0 ring mail (worn)
Scrolls
 g - 2 scrolls of identify {unknown}
 i - a scroll of acquirement
Potions
 h - a potion of brilliance {unknown}


   Skills:
 + Level 2.1 Fighting
 + Level 3.4 Polearms
 + Level 2.0 Throwing
 + Level 0.4 Armour
 + Level 3.6 Dodging


You had 2 spell levels left.
You didn't know any spells.
Your spell library contained the following spells:

 Spells                   Type           Power      Damage    Failure   Level
 Magic Dart               Conj           0%         1d3       65%         1
 Call Imp                 Summ           0%         N/A       78%         2
 Searing Ray              Conj           0%         3d3       78%         2
 Mephitic Cloud           Conj/Pois/Air  0%         N/A       95%         3
 Fulminant Prism          Conj/Hex       0%         3d6       100%        4


Dungeon Overview and Level Annotations

Branches:
Dungeon (2/15)

Altars:
Qazlal


Message History

The hobgoblin hits you.
The hobgoblin hits you but does no damage. x2
You are too injured to fight recklessly!
You are too injured to fight recklessly!
You are too injured to fight recklessly!
You puncture the hobgoblin!
You kill the hobgoblin!
You are too injured to fight recklessly!
You hit the hobgoblin but do no damage.
The hobgoblin is almost dead.
The hobgoblin barely misses you. The hobgoblin closely misses you.
There is an open door here.
You see here a hobgoblin corpse.
You hit the hobgoblin.
The hobgoblin is heavily wounded.
The hobgoblin barely misses you. x2; The hobgoblin hits you.
You hit the hobgoblin.
You kill the hobgoblin!
The hobgoblin hits you.
The hobgoblin hits you but does no damage.
You closely miss the hobgoblin.
The hobgoblin is heavily wounded.
The hobgoblin hits you but does no damage.
You hit the hobgoblin but do no damage.
The hobgoblin is heavily wounded.
The hobgoblin completely misses you.
You hit the hobgoblin.
You kill the hobgoblin!
You see here a hobgoblin corpse.
There is an open door here.
You see here 14 stones.
You pick up a book of Minor Magic and begin reading...
You add the spells Call Imp and Mephitic Cloud to your library.
h - a smoky grey potion You start resting.
You start resting.
HP restored.
i - a scroll labelled LONUMM XATILEEJ This is a scroll of acquirement!
Are you sure you want to abandon this character and quit the game? (Confirm with "yes".)

#.. #.# ##.# # ... .#
# # #.##.#)# #
#.....##### .
#....##...##
#.####.....#
#.#.†#.@...#
#.††.'.....#
##########†#..#..(..#
#..........####.....#
.(.###.)...# ##...##
#..#.......# #####
.....#.....#
#†.###.....#
#.......####


There were no monsters in sight!

Vanquished Creatures
  An adder (D:2)
  An adder skeleton (D:2)
  A goblin (D:2)
  7 hobgoblins (D:2)
  3 ball pythons (D:2)
  3 bats (D:2)
  2 rats (D:2)
18 creatures vanquished.

Notes
Turn   | Place    | Note
-------+----------+-------------------------------------------
     0 | D:1      | babuloseo the Human Gladiator began the quest for the Orb.
     0 | D:1      | Reached XP level 1. HP: 16/16 MP: 1/1
     9 | D:2      | Found a stormy altar of Qazlal.
    20 | D:2      | Reached XP level 2. HP: 16/22 MP: 2/2
   272 | D:2      | Found Gisot's Antique Weapon Boutique.
   278 | D:2      | Reached XP level 3. HP: 27/27 MP: 3/3
   599 | D:2      | Identified a scroll of acquirement
   599 | D:2      | Quit the game

Illustrated notes

Levels and vault maps discovered:
D:1:      lemuel_arrival_river_bridge, layout_rooms
D:2:      layout_loops_cross, basic_altar, serial_shops, shop,
          minmay_goblin_kobold_house, uniq_crazy_yiuf_cottage, uniq_robin

Action                   || total
-------------------------++-------
Melee: Trident           ||    65
 Stab: Sleeping          ||     1
Armor: Leather armour    ||     7
       Ring mail         ||    23
Dodge: Dodged            ||    64
